[Event "42nd Olympiad Baku 2016 Open"]
[Site "Baku"]
[Date "2016.09.05"]
[Round "4.5"]
[White "Gontcharov, Serguei"]
[Black "Mohamud Hussein Ali"]
[Result "1/2-1/2"]
[ECO "C37"]
[WhiteElo "1793"]
[BlackElo "1606"]
[Annotator ""]
[PlyCount "145"]
[EventDate "2016.??.??"]
[EventCountry "AZE"]
[SourceTitle "playchess.com"]
[Source "ChessBase"]
[WhiteTeam "Bermuda"]
[BlackTeam "Somalia"]
[WhiteTeamCountry "BER"]
[BlackTeamCountry "SOM"]
[TimeControl "40/5400+30:1800+30"]

1. e4 {(00:00)} e5 {(00:00)} 2. f4 {(00:00)} exf4 {
(00:18)} 3. Nf3 {(00:00)} g5 {(00:33)} 4. Bc4 {(00:
00)} d6 {(01:52)} 5. h4 {(05:02)} g4 {(03:48)} 6. Ng5 {
(18:23)} Nh6 {(01:06)} 7. d4 {(00:17)} f6 {(01:15)}
8. Ne6 {(10:58)} Bxe6 {(00:20)} 9. Bxe6 {(00:08)} Nd7 {
(06:34)} 10. Bxf4 {(00:28)} Qe7 {(00:21)} 11. Bxg4 {
(11:19)} Nxg4 {(02:10)} 12. Qxg4 {(00:18)} Qxe4+ {(
00:27)} 13. Qe2 {(01:45)} d5 {(06:15)} 14. Nc3 {(00:29)}
Bb4 {(00:17)} 15. Bd2 {(08:45)} Bxc3 {(00:38)} 16. Bxc3 {
(01:51)} O-O-O {(01:03)} 17. Qxe4 {(02:36)} dxe4 {(
00:03)} 18. O-O-O {(01:58)} f5 {(00:56)} 19. Bd2 {(01:42)}
Rdf8 {(03:47)} 20. Rdf1 {(01:02)} Nb6 {(11:34)} 21. g3 {
(02:29)} Rhg8 {(01:32)} 22. Rhg1 {(01:45)} h5 {(02:
56)} 23. Bg5 {(02:34)} Kd7 {(00:15)} 24. Re1 {(01:19)} Ke6
{(01:14)} 25. b3 {(00:54)} c6 {(00:37)} 26. c3 {(
02:45)} Nd5 {(00:23)} 27. c4 {(01:57)} Nf6 {(04:03)} 28.
Kc2 {(05:05)} Nh7 {(00:30)} 29. Bf4 {(01:02)} Rd8 {
(01:28)} 30. Kc3 {(00:16)} Nf6 {(00:39)} 31. Bg5 {(
00:49)} Ng4 {(00:16)} 32. Bxd8 {(00:14)} Rxd8 {(00:19)}
33. Rg2 {(01:21)} a5 {(01:41)} 34. Rd2 {(02:26)} b5 {
(02:35)} 35. Red1 {(05:09)} b4+ {(00:46)} 36. Kb2 Kf6 {
(02:01)} 37. Re2 {(04:09)} c5 {(02:21)} 38. d5 {(
01:12)} Rd6 {(00:59)} 39. Rf1 {(00:00)} Ke5 {(00:00)} 40.
Kc2 {(00:00)} Rg6 {(00:00)} 41. Ra1 {(05:45)} Nf6 {
(01:49)} 42. Re3 {(03:58)} Kd4 {(01:20)} 43. Rae1 {
(01:10)} Ng4 {(04:41)} 44. R3e2 {(00:18)} Rd6 {(01:
16)} 45. Kd2 {(02:01)} Ne5 {(02:53)} 46. Kc2 {(03:16)} Rg6
{(01:45)} 47. Rd1+ {(00:08)} Nd3 {(00:24)} 48. Red2 {
(04:54)} Rxg3 {(02:35)} 49. d6 {(00:34)} Rg8 {(01:
59)} 50. d7 {(03:41)} Rd8 {(02:17)} 51. Rxd3+ {(00:25)}
exd3+ {(00:12)} 52. Rxd3+ {(00:13)} Ke4 {(00:12)} 53. Kd2
{(02:06)} Kf4 {(02:48)} 54. Rd5 {(01:25)} Kg4 {(00:
27)} 55. Ke3 {(00:18)} f4+ {(03:51)} 56. Kf2 {(00:50)} f3
{(02:26)} 57. Rxc5 {(05:08)} Rxd7 {(00:28)} 58. Rd5 {
(00:19)} Rf7 {(10:33)} 59. Rd4+ {(02:26)} Kf5 {(04:
19)} 60. Kxf3 {(00:18)} Ke6+ {(01:30)} 61. Ke3 {(00:38)}
Ra7 {(02:49)} 62. Rd5 {(00:13)} a4 {(00:12)} 63. Rxh5 {
(00:30)} axb3 {(00:18)} 64. axb3 {(00:06)} Ra3 {(
00:11)} 65. Rb5 {(02:16)} Rxb3+ {(00:15)} 66. Kd2 {(00:38]
} Rh3 {(00:07)} 67. h5 {(00:27)} b3 {(00:17)} 68. Kc1 {
(01:05)} Kd6 {(00:42)} 69. Kb2 {(00:17)} Kc6 {(00:
19)} 70. Rd5 {(00:45)} Kb6 {(00:18)} 71. Rb5+ {(00:56)}
Kc6 {(00:03)} 72. Rd5 {(01:06)} Kb6 {(00:09)} 73. Rb5+ {
(00:54)} 1/2-1/2

[Event "42nd Olympiad Baku 2016 Open"]
[Site "Baku"]
[Date "2016.09.05"]
[Round "4.15"]
[White "Gonza, Simon"]
[Black "Abdul Rahman Ali"]
[Result "1-0"]
[ECO "C07"]
[WhiteElo "2096"]
[BlackElo "1853"]
[Annotator ""]
[PlyCount "75"]
[EventDate "2016.??.??"]
[EventCountry "AZE"]
[SourceTitle "playchess.com"]
[Source "ChessBase"]
[WhiteTeam "Uganda"]
[BlackTeam "Maldives"]
[WhiteTeamCountry "UGA"]
[BlackTeamCountry "MDV"]
[TimeControl "40/5400+30:1800+30"]

1. e4 {(00:00)} e6 {(00:14)} 2. d4 {(00:24)} d5 {(
00:15)} 3. Nd2 {(00:23)} c5 {(00:26)} 4. Ngf3 {(01:43)}
Nc6 {(00:33)} 5. e5 {(02:20)} cxd4 {(00:58)} 6. Bd3 {
(01:03)} Qc7 {(00:30)} 7. O-O {(00:26)} Bd7 {(01:
42)} 8. Re1 {(01:07)} Bc5 {(00:42)} 9. a3 {(02:50)} Nge7 {
(01:53)} 10. b4 {(02:28)} Bb6 {(00:17)} 11. Nb3 {(
01:58)} Ng6 {(00:25)} 12. b5 {(04:34)} Ncxe5 {(00:52)} 13.
Nxe5 {(00:49)} Nxe5 {(00:17)} 14. Bf4 {(00:29)} f6 {
(00:17)} 15. Qh5+ {(01:11)} Kd8 {(03:09)} 16. a4 {(
04:36)} Be8 {(01:15)} 17. Qh3 {(01:31)} Qd6 {(00:26)} 18.
a5 {(04:11)} Bc7 {(00:32)} 19. Nxd4 {(00:26)} Bd7 {
(00:49)} 20. Kh1 {(01:59)} Qb4 {(00:42)} 21. Qe3 {(
08:11)} Kc8 {(01:09)} 22. Reb1 {(00:48)} Qc3 {(01:52)} 23.
Ne2 {(01:21)} d4 {(00:40)} 24. Qe4 {(06:42)} Nxd3 {
(02:46)} 25. cxd3 {(00:44)} Qc5 {(05:22)} 26. Rc1 {
(00:49)} Qxb5 27. Rxc7+ Kd8 {(03:02)} 28. Rxb7 {(01:50)}
Qc6 {(01:15)} 29. Qxc6 {(03:56)} Bxc6 {(00:08)} 30. Rxg7 {
(00:12)} e5 {(00:12)} 31. Bd2 {(00:40)} Bb5 {(01:
40)} 32. Ng3 {(03:28)} Bxd3 {(01:03)} 33. Nh5 {(00:47)} a6
{(03:36)} 34. Nxf6 {(00:28)} Bc2 {(00:24)} 35. f4 {
(01:38)} Rf8 {(01:25)} 36. fxe5 {(00:14)} Bf5 {(00:
56)} 37. Bb4 {(00:58)} Rh8 {(00:25)} 38. Rc1 {(00:21)} 1-0

[Event "42nd Olympiad Baku 2016 Open"]
[Site "Baku"]
[Date "2016.09.05"]
[Round "4.26"]
[White "Gonzalez Acosta, Bernal"]
[Black "Torre, Eugenio"]
[Result "1/2-1/2"]
[ECO "D11"]
[WhiteElo "2481"]
[BlackElo "2447"]
[Annotator ""]
[PlyCount "127"]
[EventDate "2016.??.??"]
[EventCountry "AZE"]
[SourceTitle "playchess.com"]
[Source "ChessBase"]
[WhiteTeam "Costa Rica"]
[BlackTeam "Philippines"]
[WhiteTeamCountry "CRI"]
[BlackTeamCountry "PHI"]
[TimeControl "40/5400+30:1800+30"]

1. d4 {(00:00)} d5 {(00:06)} 2. c4 {(00:00)} c6 {(
00:32)} 3. Nf3 {(00:04)} Nf6 {(00:07)} 4. e3 {(00:03)} Bg4
{(00:41)} 5. Qb3 {(00:32)} Qb6 {(01:59)} 6. Nc3 {(
00:27)} e6 {(01:34)} 7. Nh4 {(00:09)} Bh5 {(06:29)} 8. h3
{(00:21)} Bg6 {(01:00)} 9. Nxg6 {(05:15)} hxg6 {(
00:11)} 10. Bd2 {(08:41)} Be7 {(04:15)} 11. Be2 {(06:28)}
Nbd7 {(00:44)} 12. Qc2 {(03:45)} O-O {(06:44)} 13. O-O {
(00:27)} e5 {(03:18)} 14. cxd5 {(09:27)} exd4 {(08:
02)} 15. Na4 {(05:41)} Qc7 {(00:12)} 16. dxc6 {(00:03)}
dxe3 {(00:28)} 17. Bxe3 {(00:15)} Nd5 {(08:34)} 18. Bd2 {
(14:56)} Ne5 {(07:21)} 19. Rac1 {(02:48)} Nxc6 {(
00:34)} 20. Bb5 {(08:53)} Rac8 {(01:31)} 21. Bxc6 {(00:21]
} bxc6 {(02:49)} 22. a3 {(06:32)} Rfd8 {(02:01)} 23. Nc3 {
(02:56)} Nxc3 {(14:13)} 24. Bxc3 {(00:08)} Qf4 {(
05:41)} 25. Rfe1 {(02:10)} Bg5 {(05:12)} 26. Rcd1 {(03:20]
} Rxd1 {(05:19)} 27. Qxd1 {(04:38)} Rd8 {(00:49)} 28. Qe2
{(00:02)} Bf6 {(01:21)} 29. g3 {(07:32)} Qf5 {(01:
01)} 30. Bxf6 {(00:19)} gxf6 {(01:05)} 31. Rc1 {(00:55)}
Qd7 {(09:46)} 32. b4 {(02:47)} Kg7 {(00:28)} 33. h4 {
(02:52)} Qd3 {(00:19)} 34. Qxd3 {(01:47)} Rxd3 {(
00:02)} 35. a4 {(00:47)} Rd4 {(01:57)} 36. Rxc6 {(00:05)}
Rxb4 {(00:02)} 37. Ra6 {(00:08)} Rb7 {(00:11)} 38. g4 {
(01:26)} Rb4 {(01:26)} 39. f3 {(00:13)} f5 {(00:27]
} 40. gxf5 {(00:00)} gxf5 {(00:00)} 41. h5 {(02:44)} Rh4 {
(02:12)} 42. Rxa7 {(01:57)} Rxh5 {(00:08)} 43. Kg2 {
(03:38)} Rh4 {(02:35)} 44. Kg3 {(01:05)} Rb4 {(00:
52)} 45. Ra6 {(00:12)} Rc4 {(00:33)} 46. a5 {(01:04)} Ra4
{(00:15)} 47. Ra8 {(00:03)} Kf6 {(00:34)} 48. a6 {(
00:14)} Kg5 {(01:45)} 49. f4+ {(01:16)} Kf6 {(00:09)} 50.
a7 {(05:49)} Ra3+ {(01:19)} 51. Kf2 {(00:18)} Ra2+ {
(01:23)} 52. Ke3 {(00:03)} Ra4 {(00:16)} 53. Kd3 {(
00:05)} Ra1 {(00:29)} 54. Kc4 {(00:03)} Ra2 {(00:15)} 55.
Kd5 {(00:37)} Ra1 {(00:13)} 56. Kc6 {(00:07)} Ra2 {
(00:25)} 57. Kb6 {(00:08)} Rb2+ {(00:06)} 58. Kc6 {
(00:37)} Rc2+ {(00:48)} 59. Kd7 {(00:07)} Rd2+ {(
00:14)} 60. Ke8 {(00:26)} Re2+ {(00:07)} 61. Kf8 {(01:04)}
Rh2 {(00:13)} 62. Kg8 {(00:03)} Rg2+ {(00:32)} 63. Kf8 {
(00:04)} Rh2 {(00:10)} 64. Kg8 {(00:06)} 1/2-1/2

[Event "42nd Olympiad Baku 2016 Open"]
[Site "Baku"]
[Date "2016.09.05"]
[Round "4.29"]
[White "Grandelius, Nils"]
[Black "Yarmonov, Igor"]
[Result "1-0"]
[ECO "E06"]
[WhiteElo "2641"]
[BlackElo "2398"]
[Annotator ""]
[PlyCount "81"]
[EventDate "2016.??.??"]
[EventCountry "AZE"]
[SourceTitle "playchess.com"]
[Source "ChessBase"]
[WhiteTeam "SWE"]
[BlackTeam "IPCA"]
[WhiteTeamCountry "SWE"]
[BlackTeamCountry "UKR"]
[TimeControl "40/5400+30:1800+30"]

1. c4 {(00:00)} e6 {(00:00)} 2. g3 {(02:35)} Nf6 {(
00:15)} 3. Bg2 {(01:05)} d5 {(00:10)} 4. Nf3 {(00:07)} Be7
{(00:23)} 5. d4 {(01:37)} O-O {(00:13)} 6. Qc2 {(
00:08)} dxc4 {(13:17)} 7. Qxc4 {(00:39)} a6 {(00:07)} 8.
Bf4 {(00:26)} Nd5 {(01:00)} 9. O-O {(06:15)} Nd7 {(
05:02)} 10. Qc1 {(10:38)} b5 {(03:57)} 11. Nc3 {(01:28)}
N7f6 {(06:12)} 12. Nxd5 {(03:53)} Nxd5 {(00:07)} 13. Ne5 {
(00:25)} Bb7 {(01:52)} 14. Bd2 {(01:00)} Ra7 {(25:
56)} 15. Nc6 {(06:13)} Bxc6 {(00:07)} 16. Qxc6 {(00:03)}
Nb6 {(05:57)} 17. e3 {(10:23)} e5 {(04:26)} 18. Rfd1 {
(03:47)} exd4 {(06:17)} 19. Bc3 {(00:30)} dxc3 {(
06:31)} 20. Rxd8 {(00:13)} Rxd8 {(00:27)} 21. bxc3 {(01:
56)} Bf8 {(02:49)} 22. Bf3 {(04:07)} Rd6 {(01:28)} 23. Qe8
{(00:06)} c5 {(02:06)} 24. Rd1 {(00:45)} Re7 {(02:
52)} 25. Qb8 {(02:41)} Rxd1+ {(00:25)} 26. Bxd1 {(00:04)}
Nd5 {(00:26)} 27. Bc2 {(07:08)} Nxc3 {(03:08)} 28. Bxh7+ {
(01:42)} Kxh7 {(00:04)} 29. Qxf8 {(00:06)} Re5 {(
06:02)} 30. Qxf7 {(12:56)} c4 {(00:17)} 31. h4 {(00:04)}
Ne4 {(02:08)} 32. h5 {(06:13)} c3 {(01:08)} 33. Qg6+ {
(00:04)} Kh8 {(00:06)} 34. h6 {(01:23)} gxh6 {(00:
36)} 35. Qxa6 {(02:13)} Kg7 {(00:43)} 36. Qc6 {(01:03)} b4
{(00:19)} 37. Qc4 {(04:20)} Kf8 {(00:46)} 38. Qc8+ {
(03:16)} Ke7 {(00:15)} 39. Qb7+ {(00:58)} Kd6 {(00:
34)} 40. Qb8+ {(00:00)} Kd5 {(00:00)} 41. Qxb4 {(01:46)}
1-0

[Event "42nd Olympiad Baku 2016 Open"]
[Site "Baku"]
[Date "2016.09.05"]
[Round "4.22"]
[White "Gretarsson, Hjorvar Steinn"]
[Black "Rodgaard, John"]
[Result "1-0"]
[ECO "D17"]
[WhiteElo "2547"]
[BlackElo "2345"]
[Annotator ""]
[PlyCount "65"]
[EventDate "2016.??.??"]
[EventCountry "AZE"]
[SourceTitle "playchess.com"]
[Source "ChessBase"]
[WhiteTeam "Iceland"]
[BlackTeam "Faroe Islands"]
[WhiteTeamCountry "ISL"]
[BlackTeamCountry "FAI"]
[TimeControl "40/5400+30:1800+30"]

1. d4 {(00:00)} d5 {(00:00)} 2. c4 {(00:00)} c6 {(
00:37)} 3. Nf3 {(00:00)} Nf6 {(00:30)} 4. Nc3 {(00:01)}
dxc4 {(01:52)} 5. a4 {(00:04)} Bf5 {(01:08)} 6. Nh4 {
(00:05)} Bc8 {(09:52)} 7. e3 {(00:36)} c5 {(08:39)}
8. Bxc4 {(07:21)} e6 {(07:10)} 9. O-O {(04:40)} Nc6 {
(06:10)} 10. Nf3 {(01:07)} Be7 {(04:54)} 11. Qe2 {(
00:25)} cxd4 {(06:58)} 12. exd4 {(02:48)} O-O {(00:47)}
13. Rd1 {(02:28)} Nb4 {(03:32)} 14. Bg5 {(05:53)} Bd7 {
(12:40)} 15. Ne5 {(03:11)} Rc8 {(06:22)} 16. Rac1 {
(06:30)} Bc6 {(05:34)} 17. Bb3 {(11:49)} Bd5 {(03:
09)} 18. Nxd5 {(00:58)} Nfxd5 {(02:52)} 19. Rxc8 {(02:27)}
Qxc8 {(00:02)} 20. Bd2 {(01:14)} Qc7 {(05:10)} 21. Rc1 {
(03:41)} Qd6 {(00:36)} 22. Qb5 {(02:35)} Rb8 {(01:
55)} 23. g3 {(01:36)} a6 {(00:30)} 24. Qe2 {(03:49)} Rd8 {
(01:13)} 25. h4 {(01:09)} Nf6 {(03:02)} 26. Nxf7 {(
05:49)} Kxf7 {(00:46)} 27. Bxb4 {(00:09)} Qb6 {(04:44)}
28. a5 {(01:44)} Qxb4 {(00:14)} 29. Qxe6+ {(00:08)} Ke8 {
(00:50)} 30. Qf7+ {(00:29)} Kd7 {(00:02)} 31. Be6+ {
(00:20)} Kd6 {(00:05)} 32. Bf5 {(00:17)} Qxd4 {(01:
39)} 33. Qe6# {Kd5} 1-0

[Event "42nd Olympiad Baku 2016 Open"]
[Site "Baku"]
[Date "2016.09.05"]
[Round "4.33"]
[White "Gruenfeld, Yehuda"]
[Black "Winants, Luc"]
[Result "1/2-1/2"]
[ECO "C44"]
[WhiteElo "2451"]
[BlackElo "2558"]
[Annotator ""]
[PlyCount "55"]
[EventDate "2016.??.??"]
[EventCountry "AZE"]
[SourceTitle "playchess.com"]
[Source "ChessBase"]
[WhiteTeam "ICCD"]
[BlackTeam "BEL"]
[WhiteTeamCountry "ISR"]
[BlackTeamCountry "BEL"]
[TimeControl "40/5400+30:1800+30"]

1. e4 {(00:00)} e5 {(00:00)} 2. Nf3 {(00:00)} Nc6 {
(00:00)} 3. Bb5 {(00:00)} a6 {(00:00)} 4. Ba4 {(00:
00)} Nf6 {(00:10)} 5. O-O {(00:00)} d6 {(00:16)} 6. Re1 {
(00:19)} b5 {(00:30)} 7. Bb3 {(00:07)} Na5 {(00:08]
} 8. d4 {(00:34)} Nxb3 {(00:12)} 9. axb3 {(00:10)} Nd7 {
(00:13)} 10. Nc3 {(17:28)} Bb7 {(02:35)} 11. Nd5 {(
00:57)} Be7 {(03:19)} 12. c4 {(02:54)} O-O {(08:32)} 13.
Bd2 {(01:26)} f5 {(05:28)} 14. Ba5 {(00:27)} Bxd5 {
(01:00)} 15. cxd5 {(00:13)} fxe4 {(00:24)} 16. Rxe4 {
(03:52)} Nf6 {(00:56)} 17. Re1 {(00:32)} e4 {(04:
56)} 18. Ng5 {(01:31)} Qd7 {(00:21)} 19. Nxe4 {(06:42)}
Nxd5 {(01:38)} 20. Bd2 {(00:24)} Bf6 {(04:13)} 21. Nxf6+ {
(02:40)} Rxf6 {(00:44)} 22. Qe2 {(03:30)} Rff8 {(
03:33)} 23. Qe4 {(05:27)} Qf7 {(01:11)} 24. f3 {(00:37)}
h6 {(08:52)} 25. Qc2 {(04:06)} Qd7 {(01:19)} 26. Qe4 {
(01:05)} Qf7 {(04:02)} 27. Qc2 {(00:07)} Qd7 {(08:
56)} 28. Qe4 {(00:06)} 1/2-1/2

[Event "42nd Olympiad Baku 2016 Open"]
[Site "Baku"]
[Date "2016.09.05"]
[Round "4.28"]
[White "Guliyev, Namig"]
[Black "Mueller, Oliver"]
[Result "1/2-1/2"]
[ECO "B63"]
[WhiteElo "2577"]
[BlackElo "2272"]
[Annotator ""]
[PlyCount "190"]
[EventDate "2016.??.??"]
[EventCountry "AZE"]
[SourceTitle "playchess.com"]
[Source "ChessBase"]
[WhiteTeam "AZE"]
[BlackTeam "IBCA"]
[WhiteTeamCountry "AZE"]
[BlackTeamCountry "GER"]
[TimeControl "40/5400+30:1800+30"]

1. e4 c5 2. Nf3 d6 3. d4 cxd4 4. Nxd4 Nf6 5. Nc3 Nc6 6. Bg5 e6 7. Qd2 Be7 8.
O-O-O Nxd4 9. Qxd4 O-O 10. Bc4 Qa5 11. h4 a6 12. f3 Rd8 13. g4 b5 14. Bb3 Bb7
15. Bd2 Qc7 16. g5 Nh5 17. Kb1 Qc5 18. Qd3 b4 19. Be3 Qc6 20. Ne2 a5 21. Bc4
Ba6 22. Bxa6 Qxa6 23. Qxa6 Rxa6 24. c3 d5 25. exd5 exd5 26. Rd3 g6 27. Rhd1
Rad6 28. Nd4 Rc8 29. Nb5 Re6 30. Bc1 Rb6 31. Na7 Rc7 32. Be3 Rbb7 33. cxb4 axb4
34. Rxd5 Rxa7 35. Bxa7 Rxa7 36. Rd7 Rxd7 37. Rxd7 Kf8 38. Ra7 Ng3 39. Ra8+ Kg7
40. Rc8 Nf5 41. Rc4 h6 42. Re4 hxg5 43. hxg5 f6 44. gxf6+ Kxf6 45. Kc2 g5 46.
Kd3 Nh4 47. Ke2 Ng6 48. Rc4 Ne5 49. Rc7 Bd6 50. Ra7 Nc4 51. Ra6 Ke6 52. b3 Ne5
53. Ra5 Be7 54. Ke3 Nc6 55. Rb5 Ne5 56. Ke4 Bd6 57. Ra5 Bc7 58. Ra6+ Bd6 59.
Ra8 Nd7 60. Ra5 Ne5 61. Rb5 Nf7 62. Rd5 Be5 63. Ra5 Bd6 64. Ra8 Be7 65. Ra5 Bd6
66. Ra6 Ne5 67. Rb6 Nd7 68. Rb5 Ne5 69. f4 gxf4 70. Kxf4 Nd3+ 71. Ke4 Ne5 72.
Ra5 Nd7 73. Kd4 Ne5 74. Ra8 Nc6+ 75. Kc4 Ne5+ 76. Kb5 Kd5 77. Rh8 Ke6 78. Rh1
Kd5 79. Rd1+ Ke6 80. Rf1 Kd5 81. Rh1 Ke6 82. Rd1 Ke7 83. Rh1 Ke6 84. Rh8 Kd5
85. Rh3 Ke6 86. Rg3 Kd5 87. Re3 Ke6 88. a4 bxa3 89. b4 a2 90. Ra3 Nd3 91. Rxa2
Nxb4 92. Re2+ Kd5 93. Rd2+ Ke6 94. Rxd6+ Kxd6 95. Kxb4 Kd5 1/2-1/2

[Event "42nd Olympiad Baku 2016 Open"]
[Site "Baku"]
[Date "2016.09.05"]
[Round "4.2"]
[White "Gundavaa, Bayarsaikhan"]
[Black "Palac, Mladen"]
[Result "1/2-1/2"]
[ECO "B50"]
[WhiteElo "2492"]
[BlackElo "2623"]
[Annotator ""]
[PlyCount "56"]
[EventDate "2016.??.??"]
[EventCountry "AZE"]
[SourceTitle "playchess.com"]
[Source "ChessBase"]
[WhiteTeam "Mongolia"]
[BlackTeam "Croatia"]
[WhiteTeamCountry "MGL"]
[BlackTeamCountry "CRO"]
[TimeControl "40/5400+30:1800+30"]

1. e4 {(00:00)} c5 {(00:00)} 2. Nf3 {(00:00)} d6 {(
00:00)} 3. c3 {(00:13)} Nf6 {(00:00)} 4. Be2 {(00:03)} Bd7
{(09:07)} 5. d3 {(01:56)} Bc6 {(02:08)} 6. O-O {(
02:26)} Nbd7 {(04:38)} 7. Nbd2 {(02:12)} e6 {(06:27)} 8.
Re1 {(02:21)} Be7 {(00:04)} 9. Bf1 {(01:10)} O-O {(
20:23)} 10. d4 {(00:33)} cxd4 {(00:46)} 11. Nxd4 {(26:32)}
Qc7 {(00:11)} 12. c4 {(02:46)} Rfe8 {(07:55)} 13. b3 {
(04:25)} d5 {(03:50)} 14. cxd5 {(08:27)} exd5 {(00:
04)} 15. Nxc6 {(00:57)} bxc6 {(00:21)} 16. exd5 {(01:12)}
Bc5 {(12:39)} 17. Nf3 {(30:40)} Ng4 {(14:41)} 18. Be3 {
(01:11)} Nxe3 {(02:13)} 19. fxe3 {(00:30)} Bxe3+ {(
00:05)} 20. Kh1 {(02:33)} Nf6 {(04:28)} 21. d6 {(00:40)}
Qd7 {(02:05)} 22. Bc4 {(04:03)} Ne4 {(03:22)} 23. Qc2 {
(01:51)} Nf2+ {(00:54)} 24. Kg1 {(00:03)} Ng4+ {(
00:46)} 25. Kh1 {(01:22)} Nf2+ {(02:38)} 26. Kg1 {(00:04)}
Ng4+ {(02:26)} 27. Kh1 {(00:04)} Nf2+ {(00:39)} 28. Kg1 {
(00:03)} Ng4+ {(00:33)} 1/2-1/2

[Event "42nd Olympiad Baku 2016 Open"]
[Site "Baku"]
[Date "2016.09.05"]
[Round "4.32"]
[White "Guzman, Christopher"]
[Black "Aguiar, Cristiano"]
[Result "1-0"]
[ECO "C77"]
[WhiteElo "2259"]
[BlackElo "2208"]
[Annotator ""]
[PlyCount "77"]
[EventDate "2016.??.??"]
[EventCountry "AZE"]
[SourceTitle "playchess.com"]
[Source "ChessBase"]
[WhiteTeam "Dominican Republic"]
[BlackTeam "Angola"]
[WhiteTeamCountry "DOM"]
[BlackTeamCountry "ANG"]
[TimeControl "40/5400+30:1800+30"]

1. e4 {(00:14)} e5 {(00:00)} 2. Nf3 {(00:35)} Nc6 {
(00:00)} 3. Bb5 {(02:06)} a6 {(00:00)} 4. Ba4 {(00:
27)} Nf6 {(00:36)} 5. Bxc6 {(01:24)} dxc6 {(00:12)} 6. d3
{(00:01)} Bd6 {(05:07)} 7. Nbd2 {(01:11)} Be6 {(00:
29)} 8. O-O {(00:59)} Ng4 {(06:53)} 9. Qe2 {(01:53)} h5 {
(01:09)} 10. Nc4 {(02:26)} Qe7 {(18:13)} 11. h3 {(
11:34)} O-O-O {(01:27)} 12. Ng5 {(07:12)} Bd7 {(08:03)}
13. Nxd6+ {(06:41)} cxd6 {(00:27)} 14. f4 {(00:14)} exf4 {
(07:15)} 15. Bxf4 {(01:06)} f6 {(00:27)} 16. Nf3 {(
00:52)} g5 {(02:26)} 17. Bd2 {(00:03)} Nh6 {(02:11)} 18.
Nd4 {(03:01)} c5 {(05:25)} 19. Nb3 {(00:24)} h4 {(
03:54)} 20. Bc3 {(11:35)} Rdf8 {(01:16)} 21. Qf2 {(04:27)}
g4 {(29:58)} 22. Qxh4 {(10:05)} Nf5 {(01:17)} 23. Qxg4 {
(02:44)} Ne3 {(00:21)} 24. Qf3 {(03:30)} Nxf1 {(00:
02)} 25. Rxf1 {(00:22)} Rhg8 {(00:10)} 26. Na5 {(02:18)}
Qh7 {(00:39)} 27. Kh2 {(01:30)} Bg4 {(01:42)} 28. Qe3 {
(01:30)} Be6 {(01:50)} 29. Rxf6 {(04:39)} Rxf6 {(
00:18)} 30. Bxf6 {(00:02)} Qc7 {(01:21)} 31. Nc4 {(02:09)}
Bxc4 {(00:49)} 32. dxc4 {(00:03)} Qf7 {(00:05)} 33. e5 {
(00:39)} Qxc4 {(00:59)} 34. e6 {(01:22)} Qxc2 {(00:
37)} 35. Qf3 {(00:30)} Qg6 {(01:14)} 36. g4 {(02:30)} Re8
{(00:32)} 37. e7 {(00:17)} d5 {(00:34)} 38. h4 {(
00:19)} Kc7 {(00:25)} 39. h5 {(00:18)} 1-0

[Event "42nd Olympiad Baku 2016 Open"]
[Site "Baku"]
[Date "2016.09.05"]
[Round "4.2"]
[White "Hammer, Jon Ludvig"]
[Black "Ly, Moulthun"]
[Result "1/2-1/2"]
[ECO "E17"]
[WhiteElo "2651"]
[BlackElo "2513"]
[Annotator ""]
[PlyCount "94"]
[EventDate "2016.??.??"]
[EventCountry "AZE"]
[SourceTitle "playchess.com"]
[Source "ChessBase"]
[WhiteTeam "Norway"]
[BlackTeam "Australia"]
[WhiteTeamCountry "NOR"]
[BlackTeamCountry "AUS"]
[TimeControl "40/5400+30:1800+30"]

1. c4 {(00:00)} Nf6 {(00:00)} 2. Nf3 {(00:00)} b6 {
(00:23)} 3. Nc3 {(05:14)} Bb7 {(00:27)} 4. g3 {(07:
27)} e6 {(02:12)} 5. Bg2 {(00:06)} Be7 {(00:40)} 6. d4 {
(00:05)} Ne4 {(02:08)} 7. Bd2 {(00:04)} O-O {(00:
26)} 8. O-O {(00:05)} Bf6 {(02:18)} 9. Ne5 {(00:10)} Nxc3
{(00:28)} 10. Bxc3 {(00:05)} Bxg2 {(00:13)} 11. Kxg2 {
(00:02)} c5 {(01:51)} 12. dxc5 {(00:05)} bxc5 {(00:
16)} 13. Qd6 {(00:02)} Qb6 {(00:32)} 14. Qxb6 {(00:14)}
axb6 {(00:10)} 15. Rfd1 {(00:05)} Ra7 {(05:17)} 16. Rd6 {
(07:10)} Rb7 {(01:27)} 17. a4 {(06:36)} Be7 {(01:
13)} 18. Rd3 {(00:41)} d6 {(01:50)} 19. Ng4 {(00:06)} Nc6
{(05:10)} 20. Rad1 {(05:58)} f5 {(13:46)} 21. Ne3 {
(00:07)} Rd8 {(00:39)} 22. f4 {(11:40)} Kf7 {(17:
06)} 23. g4 {(01:08)} g6 {(00:43)} 24. gxf5 {(01:33)} gxf5
{(00:25)} 25. Nc2 {(00:38)} Rg8+ {(01:37)} 26. Kf3 {
(02:39)} Rd7 {(05:56)} 27. Na3 {(01:47)} Rgd8 {(00:
30)} 28. e4 {(00:17)} fxe4+ {(04:02)} 29. Kxe4 {(00:05)}
Bf6 {(00:41)} 30. Bxf6 {(08:51)} Kxf6 {(00:12)} 31. Nb5 {
(00:33)} d5+ {(04:43)} 32. cxd5 {(07:45)} Nb4 {(00:
20)} 33. d6 {(00:54)} Nxd3 {(00:29)} 34. Rxd3 {(00:01)}
Ra8 {(04:01)} 35. Nc3 {(00:08)} Rad8 {(02:36)} 36. Nb5 {
(00:06)} Ra8 {(03:11)} 37. Nc3 {(15:07)} Rg8 {(06:
14)} 38. Kf3 {(04:26)} Kf5 {(04:19)} 39. Ne4 {(00:15)} Rg1
{(01:28)} 40. Ng3+ {(00:00)} Kg6 {(00:00)} 41. Ne4 {
(00:54)} Kf5 {(07:37)} 42. Ng3+ {(00:06)} Kg6 {(00:
08)} 43. Ne4 {(00:04)} Rf1+ {(07:44)} 44. Ke3 {(00:29)}
Re1+ {(00:08)} 45. Kf3 {(00:04)} Rf1+ {(07:59)} 46. Ke3 {
(00:05)} Re1+ {(05:09)} 47. Kf3 {(00:53)} Rf1+ {(
01:39)} 1/2-1/2